General information
- name: BNet
- type: Ladder 1vs1/FFA
- host: Battle.net
- saver: bygoditsanegro
map: TerenasStand
- players: 2
- length: 22:49
- speed: Fast
- version: 1.23 W3XP
- replay type: Public
» download(69 KB)
Players
team 1 (loser)
LUMBERJACKIST (
purple | 59 APM | 1346 actions | 22:47)
4 Blademaster
2 Wind Walk
2 Critical Strike
3 Pandaren Brewmaster
2 Breath of Fire
1 Drunken Brawler
» actions
| Assign group hotkey | 34 | |
| Basic commands | 5 | |
| Build / train | 52 | |
| ESC pressed | 3 | |
| Enter build submenu | 20 | |
| Enter hero's abilities submenu | 7 | |
| Give item / drop item | 2 | |
| Right click | 632 | |
| Select / deselect | 226 | |
| Select group hotkey | 300 | |
| Use ability | 64 | |
1346 total
» units
| Peon | 10 | |
| Wind Rider | 14 | |
| Troll Batrider | 1 | |
25 total
» upgrades
| Liquid Fire | 1 | |
| Envenomed Spears | 1 | |
| Armor | 2 | |
| Reinforced Defenses | 1 | |
5 total
» buildings
| Altar of Storms | 1 | |
| Orc Burrow | 4 | |
| War Mill | 1 | |
| Stronghold | 1 | |
| Watch Tower | 9 | |
| Voodoo Lounge | 1 | |
| Fortress | 1 | |
| Beastiary | 2 | |
| Great Hall | 2 | |
22 total
» build order
00:05 Altar of Storms
00:07 Orc Burrow
01:21 War Mill
02:12 Stronghold
02:26 Orc Burrow
03:00 Watch Tower
03:04 Orc Burrow
03:34 Voodoo Lounge
03:40 Watch Tower
04:37 Fortress
04:57 Beastiary
05:44 Beastiary
09:40 Orc Burrow
11:37 Great Hall
14:12 Watch Tower
14:26 Watch Tower
14:31 Watch Tower
16:22 Watch Tower
17:37 Watch Tower
22:00 Great Hall
22:07 Watch Tower
22:10 Watch Tower
» items
| Boots of Speed | 1 | |
| Healing Salve | 3 | |
| Lesser Clarity Potion | 2 | |
| Orb of Lightning | 1 | |
| Potion of Healing | 1 | |
| Scroll of Town Portal | 1 | |
9 total
team 2 (winner)
bygoditsanegro (
green | 73 APM | 1674 actions | 22:49)
9 Warden
3 Shadow Strike
3 Blink
1 Spirit of Vengeance
2 Fan of Knives
» actions
| Assign group hotkey | 41 | |
| Basic commands | 11 | |
| Build / train | 77 | |
| ESC pressed | 8 | |
| Enter build submenu | 21 | |
| Enter hero's abilities submenu | 9 | |
| Give item / drop item | 4 | |
| Remove unit from queue | 1 | |
| Right click | 627 | |
| Select / deselect | 514 | |
| Select group hotkey | 244 | |
| Use ability | 117 | |
1674 total
» units
| Wisp | 20 | |
| Huntress | 6 | |
| Druid of the Claw | 9 | |
| Dryad | 12 | |
| Hippogryph | 5 | |
52 total
» upgrades
| Druid of the Claw Training | 3 | |
| Strength of the Wild | 1 | |
| Abolish Magic | 1 | |
| Reinforced Hides | 1 | |
| Mark of the Claw | 1 | |
7 total
» buildings
| Altar of Elders | 1 | |
| Moon Well | 5 | |
| Hunter's Hall | 1 | |
| Ancient of War | 5 | |
| Tree of Ages | 1 | |
| Ancient of Lore | 3 | |
| Tree of Eternity | 1 | |
| Ancient of Wind | 1 | |
| Tree of Life | 1 | |
| Ancient of Wonders | 1 | |
20 total
» build order
00:05 Altar of Elders
00:17 Moon Well
01:31 Hunter's Hall
01:35 Ancient of War
01:51 Moon Well
02:06 Moon Well
02:25 Ancient of War
02:48 Ancient of War
03:30 Ancient of War
03:36 Ancient of War
03:49 Tree of Ages
06:16 Ancient of Lore
06:21 Ancient of Lore
06:27 Ancient of Lore
07:05 Tree of Eternity
09:05 Moon Well
09:07 Moon Well
14:40 Ancient of Wind
16:30 Tree of Life
21:17 Ancient of Wonders
» items
| Scroll of Town Portal | 1 | |
| Staff of Teleportation | 1 | |
| Orb of Venom | 1 | |
3 total
Chat log
(00:19 / All) LUMBERJACKIST: u cant fool me
(00:25 / All) bygoditsanegro: ?
(00:30 / All) LUMBERJACKIST: not a negro
(00:40 / All) bygoditsanegro: u sure?
(00:46 / All) LUMBERJACKIST: they dont play warcraft
(01:06 / All) bygoditsanegro: your mom plays warcraft
(19:21 / All) LUMBERJACKIST: such bull shit
(19:25 / All) bygoditsanegro: lol why
(19:32 / All) LUMBERJACKIST: fucking takes half his health
(19:34 / All) LUMBERJACKIST: plus' he slowed
(19:36 / All) LUMBERJACKIST: plus poison damage
(19:37 / All) bygoditsanegro: dont be level 8
(19:40 / All) bygoditsanegro: err
(19:41 / All) bygoditsanegro: 4
(19:56 / All) LUMBERJACKIST: so gross
(19:59 / All) LUMBERJACKIST: shoulda finished u off early
(20:03 / All) bygoditsanegro: sure
(20:11 / All) LUMBERJACKIST: was wining by a mile im too stoned
(20:16 / All) LUMBERJACKIST: let u hang around forever oops
(20:17 / All) LUMBERJACKIST: gg
(20:17 / All) bygoditsanegro: so am i
(21:27 / All) LUMBERJACKIST: meh
(21:38 / All) LUMBERJACKIST: i play so bad
(21:41 / All) LUMBERJACKIST: lol
(21:49 / All) LUMBERJACKIST: no excuse losing this
(22:40 / All) LUMBERJACKIST: so retarded
(22:41 / All) LUMBERJACKIST: whatever
(22:45 / All) LUMBERJACKIST: some guys u give away